AoeStats
← アヒル | patodin

Nomad

504628878Analyzed
3v3 RM · 26d ago on Sep 6, 2026· 67m 1s· 6 players
Game mode
Random Map
Map size
210×210
Population
200
Speed
Normal
Resources
Standard
Victory
Conquest
Starting age
Dark Age
Ending age
Imperial Age
RankedLock teamsTeams togetherTeam positionsShared explorationLock speedFull tech treeHidden civsTurbo modeCheats
Victory
Defeat
🇨🇴 Hindustanis · Colombia
1123
+16
🇧🇷 Magyars · Brazil
1082
+18
🇺🇸 Koreans · United States
1049
+20
1142
-19
🇨🇴 Spanish · Colombia
1136
-18
🇨🇴 Vikings · Colombia
1097
-17
AoeAuthority.com
6:26 Loom
14:56 Feudal Age
20:30 Castle Age
18:49 Double-Bit Axe
20:30 Gold Mining
22:00 Fletching
24:06 Bodkin Arrow
28:33 Bow Saw
29:05 Pikeman
30:06 Fortified Wall
31:27 Ballistics
31:34 Fishing Lines
40:43 Imperial Age
38:54 Eupseong
40:11 Wheelbarrow
40:48 Squires
40:33 Arson
43:03 Hand Cart
44:38 Chemistry
44:09 Town Watch
43:47 Elite War Wagon
45:38 Horse Collar
48:17 Elite Fire Lancer
50:43 Heavy Plow
58:15 Elite Turtle Ship
Domination12344
5:18 Loom
13:20 Feudal Age
17:13 Double-Bit Axe
18:10 Fishing Lines
21:42 Castle Age
20:26 Horse Collar
21:04 Gold Mining
21:56 Bloodlines
21:55 Scale Barding Armor
23:20 Medium Warships
25:56 Husbandry
26:07 Stone Mining
27:37 Wheelbarrow
28:32 Bow Saw
31:55 Forging
35:17 Town Watch
40:30 Imperial Age
47:30 Iron Casting
49:35 Hand Cart
49:58 Scale Mail Armor
52:38 Chain Mail Armor
55:40 Heavy Plow
56:47 Two-Man Saw
57:00 Masonry
56:32 Heavy Camel Rider
59:37 Imperial Camel Rider
61:24 Chemistry
61:49 Conscription
63:14 Shatagni
63:57 Ballistics
64:54 Blast Furnace
64:57 Gold Shaft Mining
65:48 Thumb Ring
kisameada
11:45 Loom
15:12 Feudal Age
15:54 Double-Bit Axe
18:17 Gold Mining
21:02 Castle Age
19:50 Stone Mining
20:52 Fishing Lines
22:22 Bow Saw
28:28 Gillnets
33:11 Fletching
34:36 Bodkin Arrow
35:34 Thumb Ring
38:22 Imperial Age
38:50 Ballistics
39:53 Conscription
41:23 Two-Man Saw
41:32 Wheelbarrow
42:03 Chemistry
41:47 Parthian Tactics
43:04 Gold Shaft Mining
42:45 Siege Engineers
44:22 Bloodlines
44:12 Husbandry
45:15 Recurve Bow
46:13 Hoardings
46:09 Bracer
47:32 Treadmill Crane
48:16 Hand Cart
48:14 Horse Collar
48:41 Padded Archer Armor
49:12 Heavy Cavalry Archer
50:12 Leather Archer Armor
50:25 Heavy Plow
50:40 Masonry
50:38 Scale Barding Armor
50:38 Cavalier
52:38 Chain Barding Armor
54:51 Ring Archer Armor
54:56 Plate Barding Armor
55:09 Paladin
56:33 Elite Magyar Huszar
58:17 Scale Mail Armor
65:07 Demolition Ship
アヒル | oo Valhalla
5:03 Loom
15:12 Feudal Age
19:34 Castle Age
17:26 Double-Bit Axe
17:25 Horse Collar
18:30 Town Watch
20:11 Scale Barding Armor
20:30 Husbandry
19:52 Light Cavalry
20:55 Town Patrol
20:59 Town Patrol
21:12 Bow Saw
23:19 Fishing Lines
25:12 Fervor
27:34 Forging
27:15 Fletching
29:15 Two-Man Saw
28:39 Padded Archer Armor
29:15 Iron Casting
30:29 Redemption
30:40 Sanctity
31:12 Bodkin Arrow
31:33 Leather Archer Armor
36:48 Imperial Age
36:27 Heavy Plow
37:49 Chain Barding Armor
37:30 Scale Mail Armor
37:51 Stone Mining
37:52 Gold Mining
38:36 Conscription
38:52 Hoardings
38:26 Burgundian Vineyards
38:59 Wheelbarrow
39:41 Crop Rotation
40:25 Stone Shaft Mining
40:26 Gold Shaft Mining
40:16 Pikeman
40:56 Squires
40:42 Arson
40:17 Man-at-Arms
44:19 Halberdier
44:19 Long Swordsman
45:37 Plate Barding Armor
46:02 Blast Furnace
44:50 Treadmill Crane
45:06 Murder Holes
45:30 Bracer
46:38 Chemistry
46:48 Elite Coustillier
50:07 Ballistics
49:59 Masonry
52:09 Architecture
51:52 Fortified Wall
51:48 Siphons
54:43 Hand Cart
55:17 Elite Skirmisher
55:17 Crossbowman
56:18 Chain Mail Armor
55:53 Elite Cannon Galleon
55:54 Demolition Ship
57:38 Two-Handed Swordsman
58:50 Plate Mail Armor
アヒル | patodin
13:12 Feudal Age
12:28 Loom
14:26 Double-Bit Axe
17:59 Gold Mining
18:48 Stone Mining
20:31 Fletching
20:42 Padded Archer Armor
23:51 Castle Age
22:46 Fishing Lines
25:34 Bodkin Arrow
27:12 Medium Warships
28:15 Horse Collar
31:02 Murder Holes
31:27 Ballistics
32:37 Bow Saw
37:09 Imperial Age
43:38 Elite Skirmisher
44:56 Scale Mail Armor
45:07 Forging
44:58 Bracer
45:13 Leather Archer Armor
49:01 Elite Longship
52:57 Gillnets
57:15 Two-Man Saw
59:02 Squires
58:24 Pikeman
60:53 Chemistry
60:02 Siphons
65:53 Careening
65:57 Clinker Construction
アヒル | Kairos
4:34 Loom
14:41 Feudal Age
19:29 Castle Age
19:21 Fletching
21:11 Scale Barding Armor
31:53 Pikeman
32:33 Squires
35:11 Gambesons
36:53 Scale Mail Armor
37:05 Forging
37:36 Bloodlines
41:08 Imperial Age
40:59 Man-at-Arms
41:26 Arson
43:43 Husbandry
43:09 Light Cavalry
44:12 Chain Barding Armor
44:28 Iron Casting
43:44 Onager
44:39 Double-Bit Axe
46:19 Plate Barding Armor
45:07 Cavalier
45:58 Hussar
47:45 Blast Furnace
46:56 Paladin
48:24 Halberdier
49:21 Gold Mining
49:58 Chain Mail Armor
52:05 Wheelbarrow
55:45 Plate Mail Armor
57:54 Bodkin Arrow
Connection lost

Rejoining the realm…

Still unreachable

The connection could not be restored.

Session expired

The server has moved on; the page needs a fresh start.